 Dungeon Crawl Stone Soup version 0.20.1-1-g8b1a95d (webtiles) character file.

11704 digijack the Unseen (level 11, 0/51 HPs)
             Began as a Vine Stalker Assassin on Oct 8, 2017.
             Was an Elder of Dithmenos.
             Slain by a sixfirhy (5 damage)
             ... summoned by an orc sorcerer
             ... on level 1 of the Orcish Mines on Oct 9, 2017.
             The game lasted 01:48:42 (10970 turns).

digijack the Unseen (Vine Stalker Assassin)        Turns: 10970, Time: 01:48:43

Health: 0/51       AC: 11    Str: 13    XL:     11   Next: 81%
Magic:  0/28       EV: 12    Int: 11    God:    Dithmenos [****..]
Gold:   692        SH:  0    Dex: 22    Spells: 16/19 levels left

rFire    . . .     SeeInvis .   H - +2 falchion (freeze)
rCold    . . .     Gourm    .   (no shield)
rNeg     . . .     Faith    .   c - +1 robe
rPois    .         Spirit   +   (helmet restricted)
rElec    .         Reflect  .   d - +2 cloak
rCorr    .         Harm     .   M - +2 pair of gloves
MR       +....                  J - +1 pair of boots {run}
Stlth    +++++++++.             o - amulet of regeneration
Regen    1.0/turn               S - ring of flight
MPRegen  0.3/turn               s - ring of magical power

@: wreathed by umbra, drained, quick
A: antennae 1, fangs 3, hooves 1, agile 1, regeneration 1, magic shield,
antimagic bite, no potion heal 3, rot immunity, MP-powered wands
a: Shadow Step, Renounce Religion, Evoke Flight


You were on level 1 of the Orcish Mines.
You worshipped Dithmenos.
Dithmenos was greatly pleased with you.
You were not hungry.

You visited 2 branches of the dungeon, and saw 12 of its levels.
You also visited: Sewer and Ossuary.

You collected 887 gold pieces.
You spent 195 gold pieces at shops.

Inventory:

Hand Weapons
 b - a +0 blowgun
 k - a +3 dagger of venom
 l - a +0 hunting sling
 w - a +0 hand crossbow
 x - a +8 club
 H - a +2 falchion of freezing (weapon)
Missiles
 a - 124 sling bullets
 e - 58 poisoned needles
 f - 2 curare-tipped needles
 i - 118 bolts
 j - 332 stones
 n - 5 javelins
 A - 4 poisoned javelins (quivered)
 B - a throwing net
Armour
 c - a +1 robe (worn)
 d - a +2 cloak (worn)
 J - a +1 pair of boots of running (worn)
 M - a +2 pair of gloves (worn)
Jewellery
 o - an amulet of regeneration (around neck)
 r - an uncursed ring of positive energy
 s - a ring of magical power (right hand)
 y - a +2 amulet of reflection
 S - a ring of flight (left hand)
Wands
 u - a wand of polymorph (4/24)
 E - a wand of iceblast (8/15)
 I - a wand of acid (6/15)
 K - a wand of lightning (6/15)
 N - a wand of enslavement (23/24)
 Q - a wand of enslavement (10/24)
 R - a wand of paralysis (11/24)
Scrolls
 m - 4 scrolls of teleportation
 p - 8 scrolls of remove curse
 q - a scroll of fog
 v - 3 scrolls of identify
 D - 2 scrolls of blinking
Potions
 z - a potion of haste
 C - 5 potions of flight
 G - 5 potions of curing
 L - a potion of resistance
Books
 t - a book of Misfortune

   Spells                             Type                      Level
   a - Confusing Touch                Hexes                        1
   b - Confuse                        Hexes                        3
   c - Gell's Gravitas                Translocation                3
   d - Petrify                        Transmutation/Earth          4
   e - Metabolic Englaciation         Hexes/Ice                    5
   f - Yara's Violent Unravelling     Hexes/Transmutation          5
 O - a book of Frost

   Spells                             Type                      Level
   a - Freeze                         Ice                          1
   b - Throw Frost                    Conjuration/Ice              2
   c - Ozocubu's Armour               Charms/Ice                   3
   d - Throw Icicle                   Conjuration/Ice              4
   e - Summon Ice Beast               Ice/Summoning                4
Comestibles
 g - 4 bread rations
 h - 4 meat rations
 F - 12 fruits


   Skills:
 - Level 2.5(1.9) Fighting
 + Level 10.1(9.4) Short Blades
 - Level 1.9(1.3) Throwing
 - Level 1.6(1.0) Dodging
 + Level 15.9(15.1) Stealth
 - Level 0.4(0.0) Unarmed Combat
 - Level 4.7(4.1) Spellcasting
 - Level 3.0(2.4) Hexes
 - Level 3.1(2.5) Invocations
 - Level 2.8(2.2) Evocations


You had 16 spell levels left.
You knew the following spells:

 Your Spells              Type           Power        Failure   Level  Hunger
a - Confuse               Hex            #.......     26%         3    ###....


Dungeon Overview and Level Annotations

Branches:
Dungeon (11/15)            Temple (0/1) D:6             Orc (1/2) D:11
   Lair: D:8-11

Altars:
Ashenzari
Dithmenos
Fedhas
Gozag
Hepliaklqana
Makhleb
Nemelex Xobeh
Okawaru
Qazlal
Vehumet
Yredelemnul
Zin
The Shining One

Shops:
D:7 *

Annotations:
Orc:1 Harold


Innate Abilities, Weirdness & Mutations

You have razor-sharp teeth.
Your natural rate of healing is unusually fast.
When hurt, damage is shared between your health and your magic reserves.
Your bite disrupts and absorbs the magic of your enemies.
Potions cannot restore your health.
You are immune to rotting.
You have a pair of small antennae on your head.
You have large cloven feet.
You are agile. (Dex +2)
You expend magic power (3 MP) to strengthen your wands.


Message History

The hellwing hits you.
* * * LOW HITPOINT WARNING * * *
The sixfirhy hits you but does no damage.
The hellwing hits you but does no damage. x2
The sixfirhy hits you.
* * * LOW HITPOINT WARNING * * *
The sixfirhy shocks you!
* * * LOW HITPOINT WARNING * * *
The sixfirhy hits you but does no damage.
The sixfirhy closely misses you. The sixfirhy closely misses you.
The sixfirhy misses you. The sixfirhy hits you.
* * * LOW HITPOINT WARNING * * *
The sixfirhy shocks you!
* * * LOW HITPOINT WARNING * * *
The sixfirhy hits you but does no damage.
All of the chunks of flesh in your inventory have rotted away.
You see here a bolt.
The sixfirhy hits you.
You die...

#....$.(...........#..
#...o..........#.###
##...o..........###
#.................##
#.....#.......((...# ###
##..##........(##.## ##..
#..............#### ### ##...
##..[...........#.#####.###....
#.............@3...##....###...
##..............#.........###..
#.><.....#.....##....###.###.#
##............(..##o...#.......
#...........(.....###4.........
##.......#(.......##...........
##........)........##.##.....#.
#........##.###...###o##....###
##........#.##....#..4.......##


You could see a sixfirhy.

Vanquished Creatures
  5 two-headed ogres
  Pikel (D:5)
  4 trolls
  2 hippogriffs
  A wraith (D:10)
  3 wyverns
  7 yaks
  A hungry ghost (D:9)
  Edmund (D:6)
  The ghost of Terandir the Magician, an amateur DEEE (D:6)
  3 orc warriors
  2 slaves (D:5)
  4 sky beasts
  A necrophage (D:5)
  7 ice beasts
  A phantom (D:7)
  A centaur (D:8)
  6 ogres
  A big kobold (D:10)
  5 bullfrogs
  4 scorpions
  5 jellies
  2 vampire bats (Orc:1)
  10 wights
  A howler monkey (D:6)
  2 electric eels (D:10)
  2 crimson imps
  A wyvern simulacrum (D:10)
  4 hounds
  7 orc wizards
  2 orc priests
  2 bullfrog skeletons
  2 centaur skeletons
  Jessica (D:3)
  Ijyb (D:3)
  An iguana (D:9)
  A merfolk siren (Sewer)
  8 worker ants
  A merfolk avatar (Sewer)
  A hound zombie (D:8)
  3 mummies (Ossuary)
  A howler monkey zombie (D:9)
  Robin (D:3)
  4 gnolls (D:4)
  15 adders
  3 river rats
  A hound simulacrum (D:10)
  2 shadow imps
  6 white imps (D:10)
  A howler monkey simulacrum (D:10)
  2 ufetubi (D:10)
  3 adder zombies
  An adder skeleton (D:6)
  2 worms (D:2)
  7 dart slugs
  An adder simulacrum (D:10)
  12 leopard geckos
  22 orcs
  13 bats
  7 giant cockroaches
  4 gnoll zombies (Ossuary)
  14 goblins
  3 hobgoblins
  9 jackals
  3 quokkas
  3 ball pythons
  13 frilled lizards
  4 gnoll skeletons (Ossuary)
  2 goblin skeletons (Ossuary)
  3 goblin zombies (Ossuary)
  2 hobgoblin skeletons (Ossuary)
  3 hobgoblin zombies (Ossuary)
  11 kobolds
  A kobold skeleton (Ossuary)
  3 kobold zombies (Ossuary)
  A leopard gecko skeleton (D:5)
  An orc skeleton (Ossuary)
  A quokka zombie (D:6)
  37 rats
  2 rat skeletons (Ossuary)
  4 rat zombies (Ossuary)
  A spectral orc (D:4)
347 creatures vanquished.

Vanquished Creatures (collateral kills)
  A sky beast (D:7)
  An ogre (D:7)
2 creatures vanquished.

Vanquished Creatures (others)
  Menkaure (Ossuary)
  A crimson imp (D:5)
  An orc (Orc:1)
  A gnoll skeleton (Ossuary)
  A goblin skeleton (Ossuary)
  2 goblin zombies (Ossuary)
  4 hobgoblin skeletons (Ossuary)
  2 hobgoblin zombies (Ossuary)
  4 kobold skeletons (Ossuary)
  A kobold zombie (Ossuary)
  3 orc skeletons (Ossuary)
  3 rat zombies (Ossuary)
  5 toadstools (D:1)
29 creatures vanquished.

Grand Total: 378 creatures vanquished

Notes
Turn   | Place    | Note
-------+----------+-------------------------------------------
     0 | D:1      | digijack the Vine Stalker Assassin began the quest for the Orb.
     0 | D:1      | Reached XP level 1. HP: 11/11 MP: 2/2
    60 | D:1      | Reached skill level 5 in Stealth
   137 | D:1      | Reached XP level 2. HP: 15/15 MP: 1/3
   564 | D:1      | Reached XP level 3. HP: 18/18 MP: 4/4
   902 | D:2      | Reached skill level 6 in Stealth
  1448 | D:2      | Gained mutation: Your natural rate of healing is unusually fast. [Vine Stalker growth]
  1448 | D:2      | Reached XP level 4. HP: 23/23 MP: 5/5
  1766 | D:3      | Found an opulent altar of Gozag.
  1768 | D:3      | Found a blossoming altar of Fedhas.
  1770 | D:3      | Found a shadowy altar of Dithmenos.
  1770 | D:3      | Found an iron altar of Okawaru.
  1770 | D:3      | Found a sparkling altar of Nemelex Xobeh.
  1770 | D:3      | Found a radiant altar of Vehumet.
  1771 | D:3      | Found a glowing golden altar of the Shining One.
  1776 | D:3      | Became a worshipper of Dithmenos the Shadowed
  1827 | D:3      | Noticed Jessica
  1851 | D:3      | Found a glowing silver altar of Zin.
  1860 | D:3      | Killed Jessica
  1860 | D:3      | Reached skill level 1 in Dodging
  1976 | D:3      | Found a shattered altar of Ashenzari.
  2085 | D:3      | Reached XP level 5. HP: 26/26 MP: 6/6
  2460 | D:3      | Noticed Ijyb
  2474 | D:3      | Killed Ijyb
  2501 | D:3      | Noticed Robin
  2554 | D:3      | Killed Robin
  2576 | D:3      | Reached * piety under Dithmenos
  2732 | D:3      | Found a shattered altar of Ashenzari.
  2942 | D:3      | Reached skill level 7 in Stealth
  3189 | D:4      | Reached XP level 6. HP: 32/32 MP: 7/7
  3706 | D:4      | Found a basalt altar of Yredelemnul.
  3844 | D:5      | Entered Level 5 of the Dungeon
  3914 | D:5      | Noticed a necrophage
  3932 | D:5      | Killed a necrophage
  3932 | D:5      | Reached skill level 1 in Spellcasting
  3932 | D:5      | Reached skill level 1 in Invocations
  3932 | D:5      | Reached skill level 1 in Evocations
  3994 | D:5      | Found a sand-covered staircase.
  4001 | Ossuary  | Entered an ossuary
  4281 | Ossuary  | Reached ** piety under Dithmenos
  4301 | Ossuary  | Killed Menkaure
  4334 | Ossuary  | Reached XP level 7. HP: 28/35 MP: 10/10
  4386 | Ossuary  | Learned a level 3 spell: Confuse
  4461 | D:5      | Noticed Pikel
  4490 | D:5      | Killed Pikel
  4490 | D:5      | Reached skill level 5 in Short Blades
  4490 | D:5      | Gained mutation: You have razor-sharp teeth. [Vine Stalker growth]
  4490 | D:5      | Reached XP level 8. HP: 19/39 MP: 9/13
  4589 | D:5      | Found a stormy altar of Qazlal.
  4609 | D:5      | Noticed a troll
  4617 | D:5      | Killed a troll
  5452 | D:6      | Found a staircase to the Ecumenical Temple.
  5595 | D:6      | Reached skill level 1 in Hexes
  5670 | D:6      | Reached skill level 8 in Stealth
  5670 | D:6      | Reached XP level 9. HP: 43/43 MP: 15/15
  5676 | D:6      | Gained mutation: You have a pair of small antennae on your head. [mutagenic meat]
  5677 | D:6      | Gained mutation: You are agile. (Dex +2) [mutagenic meat]
  6026 | D:6      | Noticed Terandir's ghost (amateur DEEE)
  6056 | D:6      | Killed Terandir's ghost
  6153 | D:6      | Reached *** piety under Dithmenos
  6155 | D:6      | Found a glowing drain.
  6165 | Sewer    | Entered a sewer
  6547 | D:6      | Noticed Edmund
  6552 | D:6      | Killed Edmund
  6552 | D:6      | Reached skill level 9 in Stealth
  6732 | D:6      | Reached **** piety under Dithmenos
  7086 | D:7      | Reached skill level 10 in Stealth
  7224 | D:7      | Found a burning altar of Makhleb.
  7260 | D:7      | Found Wuiz's Assorted Antiques.
  7270 | D:7      | Bought a scroll labeled VIFOCZ FARCH for 26 gold pieces
  7270 | D:7      | Bought a scroll of identify for 52 gold pieces
  7270 | D:7      | Bought a pair of boots for 117 gold pieces
  7312 | D:7      | Gained mutation: You can translocate small distances at will. [mutagenic meat]
  7313 | D:7      | Lost mutation: You can translocate small distances at will. [mutagenic meat]
  7314 | D:7      | Gained mutation: You have large cloven feet. [mutagenic meat]
  7315 | D:7      | Gained mutation: You expend magic power (3 MP) to strengthen your wands. [mutagenic meat]
  7492 | D:7      | Reached skill level 11 in Stealth
  7841 | D:8      | Reached XP level 10. HP: 47/47 MP: 17/17
  8020 | D:8      | Found a hazy altar of Hepliaklqana.
  8167 | D:8      | Identified a +1 pair of boots of running (You found it on level 8 of the Dungeon)
  8650 | D:9      | Reached skill level 12 in Stealth
  8765 | D:9      | Reached ***** piety under Dithmenos
  9084 | D:9      | Noticed a two-headed ogre
  9105 | D:9      | Killed a two-headed ogre
  9105 | D:9      | Reached skill level 13 in Stealth
  9153 | D:9      | Noticed a two-headed ogre
  9166 | D:10     | Entered Level 10 of the Dungeon
  9176 | D:10     | Killed a two-headed ogre
  9176 | D:10     | Reached XP level 11. HP: 18/51 MP: 6/19
  9266 | D:10     | Reached skill level 14 in Stealth
  9924 | D:10     | Noticed a two-headed ogre
  9949 | D:10     | Killed a two-headed ogre
 10385 | D:11     | Reached skill level 15 in Stealth
 10485 | D:11     | Reached skill level 10 in Short Blades
 10511 | D:11     | Found a staircase to the Orcish Mines.
 10530 | D:11     | Noticed a two-headed ogre
 10534 | D:11     | Killed a two-headed ogre
 10553 | Orc:1    | Entered Level 1 of the Orcish Mines
 10599 | Orc:1    | Noticed a two-headed ogre
 10614 | Orc:1    | Killed a two-headed ogre
 10779 | Orc:1    | Noticed an orc sorcerer
 10781 | Orc:1    | Noticed Harold
 10798 | Orc:1    | HP: 1/51 [orc warrior/mace (9)]
 10951 | Orc:1    | Noticed a sixfirhy
 10966 | Orc:1    | HP: 1/51 [sixfirhy[an orc sorcerer] (7)]
 10970 | Orc:1    | Slain by a sixfirhy

Skill      XL: |  1  2  3  4  5  6  7  8  9 10 11 |
---------------+----------------------------------+-----
Stealth        | 5 6 7 8 11 13 15 | 15.9
Short Blades   | 2 3 5 6 7 9 10 | 10.1
Fighting       | 2 |  2.5
Dodging        | 1 |  1.6
Spellcasting   | 1 2 3 4 |  4.7
Invocations    | 1 2 3 |  3.1
Evocations     | 1 2 |  2.8
Hexes          | 1 2 3 |  3.0
Throwing       | |  1.9
Unarmed Combat | |  0.4

Action                   |  1- 3 |  4- 6 |  7- 9 | 10-12 || total
-------------------------+-------+-------+-------+-------++-------
Melee: Dagger            |    84 |   218 |   355 |   446 ||  1103
       Bite              |    17 |    71 |   116 |   181 ||   385
       Unarmed           |       |    11 |       |       ||    11
       Punch             |       |     1 |     3 |     1 ||     5
       Falchion          |       |       |     6 |     1 ||     7
 Fire: Blowgun           |       |    10 |       |       ||    10
       Hand crossbow     |       |       |       |     8 ||     8
 Cast: Confuse           |       |       |     1 |       ||     1
Invok: Shadow Step       |       |       |       |    10 ||    10
 Abil: Evoke Flight      |       |       |       |     1 ||     1
  Use: Scroll            |     7 |     3 |    11 |     7 ||    28
       Potion            |     2 |     3 |     7 |       ||    12
 Stab: Sleeping          |     9 |    11 |    31 |    43 ||    94
       Confused          |       |     1 |       |       ||     1
       Distracted        |       |     1 |     1 |     2 ||     4
  Eat: Chunk             |     1 |     6 |    13 |    10 ||    30
       Royal jelly       |       |     1 |     1 |       ||     2
       Bread ration      |       |       |     1 |       ||     1
Armor: Robe              |    34 |    47 |    57 |    68 ||   206
       Skin              |       |     2 |       |       ||     2
Dodge: Dodged            |    53 |    97 |   132 |   169 ||   451
Block: Other             |       |     3 |     1 |       ||     4
       Rpst.: Falchion   |       |       |     2 |     1 ||     3
